 Dungeon Crawl Stone Soup version 0.24-a0-446-g87df7205b4 (webtiles) character file.

Game seed: 13050855832076575104

153323 Peloso the Peltast (level 17, -4/159 HPs)
             Began as a Minotaur Fighter on June 24, 2019.
             Was the Champion of Okawaru.
             Hit by a silver javelin thrown by a merfolk javelineer (13 damage)
             ... on level 4 of the Shoals.
             The game lasted 01:38:00 (30424 turns).

Peloso the Peltast (Minotaur Fighter)              Turns: 30424, Time: 01:38:00

Health: -4/159     AC: 38    Str: 29    XL:     17   Next: 4%
Magic:  27/27      EV: 11    Int:  5    God:    Okawaru [******]
Gold:   1486       SH: 23    Dex: 16    Spells: 16/16 levels left

rFire    + + .     SeeInvis .   a - +7 double sword of Bile {drain, Dex+4}
rCold    . . .     Gourm    .   c - +2 shield {reflect}
rNeg     . . .     Faith    .   G - +3 plate armour {rF+}
rPois    .         Spirit   .   (helmet restricted)
rElec    .         Reflect  +   V - +1 cloak
rCorr    .         Harm     .   m - +0 pair of gloves of Ciezut {*Drain rF+ MP+9 Str+3}
MR       +....                  (no boots)
Stlth    ..........             i - +4 amulet of reflection
HPRegen  0.36/turn              N - ring of Robustness {AC+8}
MPRegen  0.20/turn              p - +6 ring of protection

@: no status effects
A: retaliatory headbutt, horns 2
a: Heroism, Finesse, Renounce Religion


You were on level 4 of the Shoals.
You worshipped Okawaru.
Okawaru was exalted by your worship.
You were hungry.

You visited 5 branches of the dungeon, and saw 28 of its levels.
You visited 1 bazaar.

You collected 2951 gold pieces.
You spent 1465 gold pieces at shops.

Inventory:

Hand Weapons
 a - the +7 double sword of Bile (weapon) {drain, Dex+4}
   (Okawaru gifted it to you on level 6 of the Lair of Beasts)

   A truly terrible weapon, it drains the life of those it strikes.
   It affects your dexterity (+4).
 b - a +4 scimitar of flaming
 z - the +5 falchion "Innuuq" {elec, rElec rPois Str+3}
   (Okawaru gifted it to you on level 3 of the Shoals)

   Occasionally, upon striking a foe, it will discharge some electrical energy
   and cause terrible harm.
   It affects your strength (+3).
   It insulates you from electricity.
   It protects you from poison.
 J - the +3 short sword "Deolazu" {freeze, Str+4 Int+3}
   (You found it on level 4 of the Shoals)

   It has been specially enchanted to freeze those struck by it, causing extra
   injury to most foes and up to half again as much damage against particularly
   susceptible opponents.
   It can also slow down cold-blooded creatures.
   It affects your strength (+4).
   It affects your intelligence (+3).
Missiles
 v - 25 poisoned darts (quivered)
Armour
 c - a +2 shield of reflection (worn)
 m - the +0 pair of gloves of Ciezut (worn) {*Drain rF+ MP+9 Str+3}
   (Okawaru gifted it to you on level 3 of the Lair of Beasts)

   It affects your strength (+3).
   It protects you from fire.
   It affects your magic capacity (+9).
   It causes draining when unequipped.
 C - a +1 plate armour of cold resistance
 G - a +3 plate armour of fire resistance (worn)
 V - a +1 cloak (worn)
Jewellery
 e - an uncursed ring of see invisible
 i - a +4 amulet of reflection (around neck)
 l - an uncursed ring of poison resistance
 p - a +6 ring of protection (right hand)
 w - an uncursed ring of protection from magic
 D - an uncursed ring of protection from fire
 F - an uncursed ring of fire
 H - an uncursed ring of protection from cold
 N - the ring of Robustness (left hand) {AC+8}
   (You found it on level 14 of the Dungeon)

   [ring of protection]

   It affects your AC (+8).
 U - an uncursed amulet of regeneration
Wands
 B - a wand of polymorph (9)
 E - a wand of acid (6)
 O - a wand of digging (21)
Scrolls
 h - a scroll of identify
 j - 4 scrolls of magic mapping
 k - 8 scrolls of amnesia {unknown}
 o - a scroll of enchant armour
 q - 6 scrolls of teleportation
 r - 7 scrolls of fog
 s - 11 scrolls of remove curse
 y - 2 scrolls of noise {unknown}
 A - 3 scrolls of fear
Potions
 d - 6 potions of might
 g - 5 potions of curing
 n - 3 potions of agility
 t - a potion of mutation
 u - 2 potions of resistance
 x - 2 potions of flight
 I - a potion of ambrosia
 L - 2 potions of berserk rage
 M - 3 potions of haste
Comestibles
 f - 43 rations


   Skills:
 + Level 16.3 Fighting
 + Level 18.0 Long Blades
 + Level 15.2 Armour
 + Level 4.2 Dodging
 + Level 1.7 Stealth
 + Level 20.5 Shields
 + Level 2.8 Invocations
 + Level 1.1 Evocations


You had 16 spell levels left.
You didn't know any spells.
Your spell library contained the following spells:

 Spells                   Type           Power        Failure   Level  Hunger
 Animate Skeleton         Necr           N/A          96%         1    ##.....
 Confusing Touch          Hex            #.....       96%         1    ##.....
 Flame Tongue             Conj/Fire      #....        96%         1    ##.....
 Freeze                   Ice            #...         96%         1    ##.....
 Magic Dart               Conj           #...         96%         1    ##.....
 Pain                     Necr           #...         96%         1    ##.....
 Blink                    Tloc           N/A          99%         2    ###....
 Searing Ray              Conj           #.....       99%         2    ###....
 Shroud of Golubria       Chrm/Tloc      #.....       99%         2    ###....
 Throw Flame              Conj/Fire      #.....       99%         2    ###....
 Throw Frost              Conj/Ice       #.....       99%         2    ###....
 Confuse                  Hex            #.......     100%        3    ####...
 Conjure Flame            Conj/Fire      #.......     100%        3    ####...
 Dazzling Spray           Conj/Hex       #.....       100%        3    ####...
 Gell's Gravitas          Tloc           #.........   100%        3    ####...
 Ignite Poison            Fire/Tmut/Pois #.......     100%        3    ####...
 Inner Flame              Hex/Fire       #.......     100%        3    ####...
 Lesser Beckoning         Tloc           #.........   100%        3    ####...
 Ozocubu's Armour         Chrm/Ice       #.......     100%        3    ####...
 Regeneration             Chrm/Necr      #.........   100%        3    ####...
 Teleport Other           Tloc           #.......     100%        3    ####...
 Vampiric Draining        Necr           #.........   100%        3    ####...
 Animate Dead             Necr           N/A          100%        4    #####..
 Cause Fear               Hex            #.........   100%        4    #####..
 Force Lance              Conj/Tloc      #.......     100%        4    #####..
 Fulminant Prism          Conj/Hex       #.........   100%        4    #####..
 Iskenderun's Mystic Bla  Conj           #.......     100%        4    #####..
 Passage of Golubria      Tloc           N/A          100%        4    #####..
 Petrify                  Tmut/Erth      #.......     100%        4    #####..
 Sticky Flame             Conj/Fire      #.......     100%        4    #####..
 Summon Ice Beast         Ice/Summ       #.......     100%        4    #####..
 Throw Icicle             Conj/Ice       #.......     100%        4    #####..
 Fireball                 Conj/Fire      #.........   100%        5    ######.
 Metabolic Englaciation   Hex/Ice        #.........   100%        5    ######.
 Silence                  Hex/Air        #.........   100%        5    ######.
 Yara's Violent Unravell  Hex/Tmut       #.........   100%        5    ######.
 Bolt of Fire             Conj/Fire      #.........   100%        6    #######
 Deflect Missiles         Chrm/Air       #.........   100%        6    #######
 Ring of Flames           Chrm/Fire      #.........   100%        7    #######
 Discord                  Hex            #.........   100%        8    #######
 Ignition                 Fire           #.........   100%        8    #######


Dungeon Overview and Level Annotations

Branches:
Dungeon (15/15)            Temple (1/1) D:6            Lair (6/6) D:9
 Shoals (4/4) Lair:3        Snake (0/4) Lair:2        Slime (0/5) Lair:6
    Orc (2/2) D:11            Elf (0/3) Orc:2        Vaults (0/5) D:14
 Depths (0/5) D:15

Altars:
Ashenzari
Elyvilon
Fedhas
Gozag
Kikubaaqudgha
Makhleb
Okawaru
Qazlal
Ru
Sif Muna
Trog
Uskayaw
Vehumet
Wu Jian
Xom
Yredelemnul
Zin
Beogh
Jiyva

Shops:
D:7 *   D:14 (}[   Orc:1 *   Orc:2 **(!}

Annotations:
Orc:1 2 transporters, Yon's ghost, journeyman HOFi


Innate Abilities, Weirdness & Mutations

You reflexively headbutt those who attack you in melee.
You have a pair of horns on your head.


Message History

The merfolk javelineer throws a silver javelin.
The silver javelin barely misses you.
You hear a splash.
Items here: $ ( ) [ a cursed -2 spear; 15 silver javelins; a +0 leather armour; 15 gold pieces You block the merfolk javelineer's attack.
Unknown command.
The merfolk javelineer seems less drained.
The merfolk javelineer throws a silver javelin.
The silver javelin pierces through you!
* * * LOW HITPOINT WARNING * * *
x2 You hear a splash.
There is an open door, spattered with blood here.
Unknown command.
Your plate armour prevents you from hitting the merfolk javelineer.
Your headbutt misses the merfolk javelineer.
The merfolk javelineer is moderately wounded.
The merfolk javelineer throws a silver javelin.
The silver javelin pierces through you!
You die...

≈≈≈≈≈≈≈≈≈≈≈≈≈≈≈
≈≈≈≈≈≈≈≈≈≈≈≈≈≈≈
≈≈≈≈≈≈≈≈≈≈≈≈≈. ≈≈≈≈≈≈≈≈≈≈≈≈
≈≈≈≈≈≈≈≈≈≈...
≈≈≈≈≈≈≈≈≈≈≈#####≈≈≈≈≈(≈....
≈≈≈≈≈..≈≈≈##(≈(##≈≈≈≈≈.....
≈≈≈≈..≈≈≈≈#≈≈≈)(#≈≈≈≈......
≈≈≈≈.≈≈≈≈≈#())))@m≈........
≈≈≈≈.≈≈≈≈≈#)≈≈)≈#...(....#.
≈≈≈≈..≈≈≈≈##(≈≈##........#
≈≈≈.....≈≈≈#####.........#
≈≈...##.≈≈≈≈≈..............
.≈≈..#.≈.≈≈≈...............
..≈....≈≈≈≈................
...≈≈≈..≈≈≈...........≈≈..≈
...≈≈..≈≈≈≈≈....###.....≈


You could see a merfolk javelineer.

Vanquished Creatures
  Mara (Shoals:3)
  Rupert (Lair:3)
  Kirke (D:13)
  Agnes (D:12)
  Ilsuiw (Shoals:3)
  Louise (D:14)
  The ghost of nawrastar the Grappler, a journeyman TrMo of Hepliaklqana (Lair:2)
  A minotaur (Lair:3)
  4 merfolk javelineers
  The ghost of Tali the Cleaver, a journeyman DsBe of Trog (Lair:3)
  5 merfolk impalers
  A fire dragon (D:15)
  A vault guard (D:14)
  Josephine (Lair:5)
  9 hydras
  An ice dragon (D:15)
  A merfolk avatar (Shoals:3)
  Harold (D:7)
  3 two-headed ogres
  4 merfolk aquamancers
  An alligator snapping turtle (Shoals:4)
  A satyr (Shoals:2)
  A tengu warrior (D:15)
  6 centaur warriors
  3 death yaks (Lair:5)
  Sonja (Lair:1)
  5 skeletal warriors
  7 sea snakes
  2 wizards (D:14)
  16 harpies
  A wolf spider zombie (D:15)
  Pikel (D:6)
  4 orc knights
  2 orc sorcerers (Orc:1)
  2 necromancers (D:14)
  4 cyclopes
  2 oklob plants (Lair:3)
  5 ugly things
  A deep elf mage (D:12)
  11 manticores
  7 slime creatures
  8 fauns
  2 black mambas
  14 merfolk sirens
  3 elephants (Lair:6)
  Joseph (Lair:1)
  3 water nymphs
  2 gargoyles (D:15)
  11 spiny frogs
  3 centaur skeletons
  2 efreet
  2 kobold demonologists (D:12)
  3 rime drakes
  9 komodo dragons
  4 yaktaurs (D:15)
  3 meliai (D:15)
  A queen bee (D:8)
  5 polar bears
  9 trolls
  20 merfolk
  7 wind drakes
  2 hornets
  21 blink frogs
  4 snapping turtles
  12 dream sheep
  13 hippogriffs
  A centaur simulacrum (D:13)
  11 spriggans
  12 water elementals
  A wyvern (D:14)
  53 yaks
  4 basilisks
  6 wraiths
  3 hogs (D:13)
  18 humans (D:14)
  Grum (Lair:1)
  3 vampire mosquitoes (D:12)
  A steam dragon (D:11)
  An insubstantial wisp (D:12)
  3 soldier ants
  9 water moccasins
  An acid dragon (D:15)
  A warg (Orc:2)
  18 porcupines
  39 orc warriors
  3 black bears
  6 ice beasts
  2 sky beasts
  A necrophage (D:8)
  An eye of draining (D:8)
  A meliai simulacrum (D:13)
  14 ogres
  2 phantoms
  43 wolves
  4 boggarts (Lair:6)
  8 centaurs
  7 crocodiles
  A big kobold (D:11)
  13 bullfrogs
  A wyvern zombie (D:10)
  A gnoll sergeant (D:13)
  5 scorpions
  29 killer bees
  6 wights
  3 electric eels (D:13)
  5 howler monkeys
  4 crimson imps
  3 bullfrog zombies
  4 centaur zombies
  13 jellies
  A quasit (D:12)
  4 hounds
  A bullfrog skeleton (D:8)
  A gnoll shaman (D:5)
  21 orc priests
  13 orc wizards
  An iguana (D:7)
  9 worker ants
  A bullfrog simulacrum (D:13)
  3 worker ant zombies
  Robin (D:1)
  A howler monkey zombie (D:6)
  9 gnolls
  11 adders
  6 shadow imps
  3 white imps (D:13)
  2 ufetubi (D:13)
  3 oozes
  3 worms
  6 leopard geckos
  109 orcs
  A ball python (D:3)
  9 bats
  5 giant cockroaches
  11 goblins
  5 hobgoblins
  6 jackals
  22 kobolds
  4 quokkas
  3 frilled lizards
  2 giant cockroach zombies
  A quokka skeleton (D:6)
  A quokka zombie (D:7)
  7 rats
  7 plants
946 creatures vanquished.

Vanquished Creatures (others)
  A centaur warrior (D:14)
  A deep elf archer (D:14)
  A harpy (Shoals:3)
  An orc warrior (Orc:2)
  4 centaurs (Orc:2)
  3 orcs (Orc:2)
  A kobold (D:12)
  3 fungi
  4 plants
19 creatures vanquished.

Grand Total: 965 creatures vanquished

Notes
Turn   | Place    | Note
-------+----------+-------------------------------------------
     0 | D:1      | Peloso the Minotaur Fighter began the quest for the Orb.
     0 | D:1      | Reached XP level 1. HP: 19/19 MP: 0/0
   246 | D:1      | Reached XP level 2. HP: 27/27 MP: 1/1
   479 | D:1      | Reached skill level 4 in Shields
   618 | D:2      | Noticed Robin
   746 | D:1      | Reached XP level 3. HP: 14/33 MP: 2/2
   753 | D:1      | Killed Robin
  1186 | D:2      | Reached XP level 4. HP: 28/40 MP: 3/3
  1583 | D:3      | Reached XP level 5. HP: 35/46 MP: 4/4
  2181 | D:3      | Reached skill level 5 in Shields
  2315 | D:4      | Reached skill level 1 in Dodging
  2449 | D:4      | Reached skill level 5 in Long Blades
  2586 | D:4      | Reached XP level 6. HP: 53/53 MP: 5/5
  3224 | D:5      | Entered Level 5 of the Dungeon
  3543 | D:5      | Noticed a +0 hand axe
  3553 | D:5      | Noticed a +0 dagger
  3562 | D:5      | Reached skill level 5 in Armour
  3562 | D:5      | Reached XP level 7. HP: 43/60 MP: 6/6
  3918 | D:5      | Found a hide-covered altar of Uskayaw.
  3998 | D:6      | Reached skill level 6 in Shields
  4007 | D:6      | Reached skill level 5 in Fighting
  4512 | D:6      | Reached skill level 7 in Shields
  4512 | D:6      | Reached XP level 8. HP: 64/68 MP: 7/7
  4533 | D:6      | Found a staircase to the Ecumenical Temple.
  4560 | Temple   | Entered the Ecumenical Temple
  4600 | Temple   | Became a worshipper of Warmaster Okawaru
  4979 | D:6      | Found a bloodstained altar of Trog.
  5112 | D:6      | Noticed Pikel
  5122 | D:6      | Killed Pikel
  5122 | D:6      | Reached * piety under Okawaru
  5130 | D:6      | Reached skill level 8 in Shields
  5131 | D:6      | Found a stormy altar of Qazlal.
  5131 | D:6      | Found a blossoming altar of Fedhas.
  5334 | D:6      | Noticed a hippogriff
  5337 | D:6      | Killed a hippogriff
  5337 | D:6      | Reached ** piety under Okawaru
  5337 | D:6      | Reached XP level 9. HP: 74/75 MP: 8/8
  5446 | D:7      | Noticed Harold
  5450 | D:7      | Reached skill level 10 in Long Blades
  5466 | D:7      | Killed Harold
  5466 | D:7      | Reached skill level 9 in Shields
  5909 | D:7      | Found a deep blue altar of Sif Muna.
  5962 | D:7      | Found Nicloppye's Assorted Antiques.
  5975 | D:7      | Bought a scroll of magic mapping for 70 gold pieces
  6023 | D:8      | Found an ornate altar of the Wu Jian Council.
  6133 | D:8      | Found a shattered altar of Ashenzari.
  6134 | D:8      | Found a white marble altar of Elyvilon.
  6253 | D:8      | Noticed a two-headed ogre
  6267 | D:8      | Killed a two-headed ogre
  6269 | D:8      | Reached XP level 10. HP: 66/84 MP: 6/9
  6342 | D:8      | Reached skill level 10 in Shields
  6363 | D:8      | Reached *** piety under Okawaru
  7044 | D:9      | Found a staircase to the Lair.
  7101 | D:9      | Found a viscous altar of Jiyva.
  7479 | D:9      | Reached skill level 11 in Shields
  7510 | D:9      | Reached **** piety under Okawaru
  7518 | D:9      | Reached skill level 1 in Stealth
  7627 | D:10     | Entered Level 10 of the Dungeon
  7698 | D:10     | Got a translucent hunting sling
  8054 | D:10     | Reached ***** piety under Okawaru
  8071 | D:10     | Reached XP level 11. HP: 64/93 MP: 10/10
  8620 | D:11     | Found a staircase to the Orcish Mines.
  8896 | D:11     | Reached skill level 12 in Shields
  9449 | D:11     | Found a roughly hewn altar of Beogh.
  9505 | D:11     | Reached skill level 10 in Armour
  9806 | D:12     | Noticed a skeletal warrior
  9809 | D:12     | Noticed a skeletal warrior
  9825 | D:12     | Noticed a skeletal warrior
  9827 | D:12     | Noticed a skeletal warrior
  9842 | D:11     | Killed a skeletal warrior
  9848 | D:12     | Noticed a skeletal warrior
  9909 | D:10     | Killed a skeletal warrior
  9970 | D:11     | Killed a skeletal warrior
  9970 | D:11     | Reached skill level 13 in Shields
 10143 | D:11     | Killed a skeletal warrior
 10215 | D:12     | Killed a skeletal warrior
 10215 | D:12     | Received a gift from Okawaru
 10726 | D:12     | Reached skill level 1 in Invocations
 10847 | D:12     | Reached ****** piety under Okawaru
 10847 | D:12     | Reached XP level 12. HP: 103/103 MP: 11/11
 12353 | D:12     | Identified the +3 hunting sling of Dividends {velocity,
                  | *Slow rPois Str+4 Int+4} (You found it on level 10 of the
                  | Dungeon)
 12444 | Lair:1   | Entered Level 1 of the Lair of Beasts
 12498 | Lair:1   | Noticed Grum
 12507 | Lair:1   | Killed Grum
 12585 | Lair:1   | Noticed Sonja
 13021 | Lair:2   | Noticed a four-headed hydra
 13029 | Lair:2   | Killed a one-headed hydra
 13029 | Lair:2   | Received a gift from Okawaru
 13029 | Lair:2   | Reached skill level 14 in Shields
 13074 | Lair:2   | Noticed an eight-headed hydra
 13091 | Lair:2   | Killed a three-headed hydra
 13091 | Lair:2   | Reached skill level 10 in Fighting
 13274 | Lair:2   | Found a runed translucent gate.
 13275 | Lair:2   | Found a runed translucent gate.
 13276 | Lair:2   | Found a runed translucent gate.
 13281 | Lair:2   | Noticed nawrastar's ghost (journeyman TrMo)
 13287 | Lair:2   | Found a viscous altar of Jiyva.
 13297 | Lair:2   | Found a staircase to the Snake Pit.
 13720 | Lair:3   | Noticed a five-headed hydra
 13725 | Lair:3   | Killed a three-headed hydra
 13763 | Lair:3   | Noticed Rupert
 13778 | Lair:3   | Killed Rupert
 13778 | Lair:3   | Reached XP level 13. HP: 31/115 MP: 11/13
 14191 | Lair:3   | Reached skill level 15 in Long Blades
 14258 | Lair:3   | Received a gift from Okawaru
 14273 | Lair:3   | Got an ichor-stained shortbow {god gift}
 14481 | Lair:3   | Noticed Tali's ghost (journeyman DsBe)
 14483 | Lair:3   | Noticed a minotaur
 14596 | Lair:3   | Found a runed translucent gate.
 14596 | Lair:3   | Found a runed translucent gate.
 14596 | Lair:3   | Found a runed translucent gate.
 14769 | Lair:3   | Found a staircase to the Shoals.
 15021 | Lair:1   | Noticed Joseph
 15037 | Lair:1   | Killed Joseph
 15293 | Lair:4   | Reached skill level 15 in Shields
 16009 | Lair:5   | Received a gift from Okawaru
 17071 | Lair:6   | Entered Level 6 of the Lair of Beasts
 17204 | Lair:6   | Found a staircase to the Slime Pits.
 17205 | Lair:6   | Found a viscous altar of Jiyva.
 17452 | Lair:6   | Reached XP level 14. HP: 127/127 MP: 14/14
 17458 | Lair:6   | Noticed Josephine
 17482 | Lair:5   | Killed Josephine
 17482 | Lair:5   | Reached skill level 16 in Shields
 17748 | Lair:6   | Received a gift from Okawaru
 17798 | Lair:6   | Got a twisted double sword {god gift}
 17799 | Lair:6   | Identified the +7 double sword of Bile {drain, Dex+4}
                  | (Okawaru gifted it to you on level 6 of the Lair of Beasts)
 18668 | Lair:6   | Received a gift from Okawaru
 19189 | Lair:1   | Killed Sonja
 19639 | Lair:1   | Identified the +1 shortbow of Hell's Wrath {venom, *Corrode
                  | rPois rC+ Int+3} (Okawaru gifted it to you on level 3 of
                  | the Lair of Beasts)
 19827 | Orc:1    | Entered Level 1 of the Orcish Mines
 19988 | Orc:1    | Found Vion's Assorted Antiques.
 20010 | Orc:1    | Identified the cursed +3 demon blade of Unreason {elec,
                  | +Fly rF++ Str-5 Dex+3}
 20010 | Orc:1    | Noticed Yon's ghost (journeyman HOFi)
 20019 | Orc:1    | Bought a dented blue amulet for 115 gold pieces
 20183 | Orc:1    | Found a transporter.
 20186 | Orc:1    | Found a bloodstained altar of Trog.
 20200 | Orc:1    | Found a transporter.
 20328 | Orc:2    | Entered Level 2 of the Orcish Mines
 20449 | Orc:2    | Found Jedwo's Assorted Antiques.
 20665 | Orc:2    | Reached skill level 17 in Shields
 20854 | Orc:2    | Found Zastecy's Weapon Shoppe.
 20854 | Orc:2    | Found Niekeq's Distillery.
 20856 | Orc:2    | Found Qatucrarr's Gadget Shop.
 20858 | Orc:2    | Found Ciuhaapa's Assorted Antiques.
 20871 | Orc:2    | Bought a potion of cancellation for 128 gold pieces
 20871 | Orc:2    | Bought a potion of heal wounds for 80 gold pieces
 20871 | Orc:2    | Bought a potion of heal wounds for 80 gold pieces
 20871 | Orc:2    | Bought a potion of mutation for 128 gold pieces
 21043 | Orc:2    | Found a staircase to the Elven Halls.
 21709 | D:13     | Found a shimmering altar of Xom.
 21720 | D:13     | Noticed Kirke
 21744 | D:13     | Noticed a sphinx
 21745 | D:13     | Killed Kirke
 21827 | D:13     | Reached XP level 15. HP: 131/137 MP: 15/15
 22162 | D:14     | Received a gift from Okawaru
 22171 | D:14     | Noticed Louise
 22205 | D:14     | Found Ocomedgh's Antique Armour Boutique.
 22270 | D:14     | You fall into a shaft and drop 1 floor!
 22270 | D:15     | Entered Level 15 of the Dungeon
 22529 | D:15     | Received a gift from Okawaru
 22712 | D:15     | Got a faintly glowing glass ring
 22714 | D:15     | Identified the ring "Ufawn" {+Fly Int+5} (You found it on
                  | level 15 of the Dungeon)
 22793 | D:15     | Found a staircase to the Depths.
 22874 | D:15     | Identified a scroll of acquirement
 23261 | D:14     | Found Alusuz's Gadget Emporium.
 23285 | D:14     | Found Vas Ukhu's Weapon Shop.
 23301 | D:14     | Killed Louise
 23403 | D:14     | Got a fine triple sword {god gift}
 23526 | D:14     | Reached skill level 18 in Shields
 23554 | D:14     | Found the ring of Robustness {AC+8}
 23632 | D:14     | Received a gift from Okawaru
 23775 | D:14     | Found a gate to the Vaults.
 23792 | D:14     | Reached skill level 15 in Fighting
 23890 | D:14     | Noticed Agnes
 23918 | D:12     | Killed Agnes
 24194 | D:14     | Found a stormy altar of Qazlal.
 24569 | Lair:1   | Identified the +4 triple sword of Contention {drain, Str+5}
                  | (Okawaru gifted it to you on level 14 of the Dungeon)
 24702 | Shoals:1 | Entered Level 1 of the Shoals
 25308 | Shoals:1 | Reached skill level 1 in Evocations
 25654 | Lair:2   | Killed nawrastar's ghost
 25668 | Lair:2   | Reached XP level 16. HP: 108/149 MP: 16/16
 26196 | Lair:3   | Killed Tali's ghost
 26196 | Lair:3   | Received a gift from Okawaru
 26232 | Lair:3   | Got a pair of scorched gloves {god gift}
 26242 | Lair:3   | Identified the +0 pair of gloves of Ciezut {*Drain rF+ MP+9
                  | Str+3} (Okawaru gifted it to you on level 3 of the Lair of
                  | Beasts)
 26817 | Shoals:2 | Reached skill level 19 in Shields
 26899 | Shoals:2 | Found a hide-covered altar of Uskayaw.
 27279 | Shoals:3 | Noticed Mara
 27280 | Shoals:3 | Noticed Peloso's illusion
 27284 | Shoals:3 | Found a flickering gateway to a bazaar.
 27288 | Bazaar   | Entered a bazaar
 27296 | Bazaar   | Found Naplel's Book Shop.
 27329 | Bazaar   | Found Senasaif's Jewellery Shop.
 27337 | Bazaar   | Bought a +4 amulet of reflection for 324 gold pieces
 27337 | Bazaar   | Bought an uncursed ring of poison resistance for 240 gold
                  | pieces
 27337 | Bazaar   | Bought an uncursed ring of protection from magic for 300
                  | gold pieces
 27385 | Shoals:3 | Noticed Ilsuiw
 27893 | Shoals:3 | Noticed Peloso's illusion
 28201 | Shoals:3 | Noticed Peloso's illusion
 28520 | Shoals:3 | Noticed Peloso's illusion
 28524 | Shoals:3 | Killed Mara
 28587 | Shoals:3 | Reached skill level 15 in Armour
 28822 | Shoals:3 | HP: 3/151 [merfolk javelineer/javelin (11)]
 28835 | Shoals:3 | HP: 6/151 [something (7)]
 28844 | Shoals:3 | Killed Ilsuiw
 28844 | Shoals:3 | Received a gift from Okawaru
 28852 | Shoals:3 | HP: 7/151 [merfolk javelineer/+5 spear of flaming (7)]
 29213 | Shoals:3 | Got a shimmering falchion {god gift}
 29215 | Shoals:3 | Identified the +5 falchion "Innuuq" {elec, rElec rPois
                  | Str+3} (Okawaru gifted it to you on level 3 of the Shoals)
 29263 | Shoals:3 | Reached skill level 20 in Shields
 29876 | Shoals:4 | Entered Level 4 of the Shoals
 29908 | Shoals:4 | Got a fine short sword
 29910 | Shoals:4 | Identified the +3 short sword "Deolazu" {freeze, Str+4
                  | Int+3} (You found it on level 4 of the Shoals)
 30396 | Shoals:4 | Reached XP level 17. HP: 47/158 MP: 18/18
 30424 | Shoals:4 | Hit by a silver javelin thrown by a merfolk javelineer

Levels and vault maps discovered:
D:1:      minmay_arrival_loop, layout_loops_cross
D:2:      layout_basic, uniq_robin
D:3:      layout_basic, chequers_serial_rivers_micro_a
D:4:      layout_basic, grunt_ministairs_13
D:5:      layout_basic, dancing_weapons_uskayaw, first_ration
D:6:      minmay_cornered_nines, layout_rooms,
          grunt_temple_overflow_forces_of_nature,
          nicolae_overflow_crystal_walls, minmay_temple_entry_offerings,
          uniq_pikel
D:7:      layout_layer_cave, serial_shops, kennysheep_mini,
          minmay_misc_feat_enclosed, lemuel_blue_sif_altar, uniq_harold
D:8:      layout_basic, old_standard_altar, gammafunk_temple_overflow_statue,
          david_nohive_1
D:9:      layout_loops_cross, dpeg_oklobed_lair, jiyva_altar_1
D:10:     layout_gridville, eino_jars
D:11:     layout_roguey, hiddenorc2_lemuel, special_room [special_room_orc]
D:12:     layout_loops_cross, pond
D:13:     layout_cross, basic_altar, serial_ice, serial_ice_e, serial_ice_g,
          serial_ice_c, serial_ice_m, serial_ice_o, serial_ice_k, serial_ice_f,
          serial_ice_h, serial_ice_d, serial_ice_a, uniq_kirke
D:14:     layout_cave_pools, grunt_vaults_entry_tiered, serial_shops,
          kennysheep_mini_moat, shop, nicolae_shop_waterfront, minivault_19,
          nicolae_qazlal_eye_of_the_storm, uniq_louise, uniq_agnes
D:15:     grunt_enter_depths_hoard, layout_loops_ring, corexii_leaking_fountain
Temple:   regret_index_temple_waves
Lair:1:   layout_small_grid, grunt_megastairs_4, uniq_joseph, uniq_sonja,
          uniq_grum
Lair:2:   layout_loops_ring, dummy_snake_entry, gammafunk_ghost_ooze,
          lemuel_fruit_fields
Lair:3:   layout_loops_ring, minmay_shoals_entry_beasts,
          maelrawn_ghost_gauntlet_escape, beast_lair_carwin_1,
          infiniplex_staircase_pool_2, minmay_lair_oklob_chamber,
          lemuel_fruit_tree, uniq_rupert
Lair:4:   layout_long_grid
Lair:5:   layout_cave_pods, grunt_megastairs_5
Lair:6:   minmay_lair_end_enchanted_forest, layout_long_grid, slime_altar_1,
          grunt_megastairs_3, uniq_josephine
Shoals:1: layout_shoals
Shoals:2: layout_shoals, lemuel_altar_in_water
Shoals:3: layout_shoals, serial_shops, bzr_in_the_mist, uniq_ilsuiw, uniq_mara
Shoals:4: shoals_end_simple, layout_shoals
Orc:1:    layout_diamond_mine, gammafunk_ghost_wrathful_warriors, serial_shops,
          shop
Orc:2:    st_orc_rangers, layout_caves, serial_shops, shop

Skill      XL: |  1  2  3  4  5  6  7  8  9 10 11 12 13 14 15 16 |
---------------+-------------------------------------------------+-----
Shields        | 4 5 7 8 9 11 13 14 15 17 18 20 | 20.5
Armour         | 4 5 7 8 9 10 12 13 14 15 | 15.2
Long Blades    | 3 4 5 6 7 9 11 12 13 14 15 16 17 18 | 18.0
Fighting       | 4 5 6 7 8 10 12 13 15 16 | 16.3
Dodging        | 1 2 3 4 |  4.2
Stealth        | 1 |  1.7
Invocations    | 1 2 |  2.8
Evocations     | 1 |  1.1

Action                   |  1- 3 |  4- 6 |  7- 9 | 10-12 | 13-15 | 16-18 || total
-------------------------+-------+-------+-------+-------+-------+-------++-------
Melee: Long sword        |    80 |   136 |       |       |       |       ||   216
       Headbutt          |     5 |    28 |    61 |   269 |   322 |   137 ||   822
       Falchion          |       |    29 |   246 |   845 |       |    23 ||  1143
       Scimitar          |       |       |       |   168 |    53 |       ||   221
       Demon blade       |       |       |       |    76 |   409 |       ||   485
       Double sword      |       |       |       |       |   859 |   493 ||  1352
Invok: Heroism           |       |       |     1 |     7 |     3 |     6 ||    17
       Finesse           |       |       |       |       |       |     1 ||     1
Evoke: Wand              |       |       |       |       |     6 |       ||     6
  Use: Scroll            |     3 |       |     7 |    10 |    12 |     7 ||    39
       Potion            |       |       |       |     3 |     1 |    15 ||    19
 Stab: Distracted        |       |       |       |     1 |       |       ||     1
  Eat: Chunk             |       |     5 |     7 |    17 |    25 |     9 ||    63
       Ration            |       |     1 |     1 |     2 |     4 |     2 ||    10
Armor: Scale mail        |    40 |       |       |       |       |       ||    40
       Plate armour      |     1 |    90 |    96 |   356 |   568 |   274 ||  1385
Dodge: Dodged            |    35 |    22 |    40 |   209 |   371 |   158 ||   835
Block: Shield            |    53 |    99 |   112 |   607 |  1234 |   632 ||  2737
       Reflection        |       |       |       |       |    84 |    57 ||   141
       Rpst.: Long sword |    10 |     4 |       |       |       |       ||    14
       Falchion          |       |       |    14 |    39 |       |     2 ||    55
       Scimitar          |       |       |       |     7 |       |       ||     7
       Demon blade       |       |       |       |     4 |    37 |       ||    41
       Double sword      |       |       |       |       |    43 |    17 ||    60

Table legend:
 A = Non-vault XP
 B = Vault XP
 C = Vault XP percentage of total XP
 D = Non-vault monster count
 E = Vault monster count
 F = Vault count percentage of total count
                 A         B        C        D         E       F
            +---------+---------+-------+---------+---------+-------
      Total |  137117 |   81917 |  37.4 |     649 |     301 |  31.7
            +---------+---------+-------+---------+---------+-------
        D:1 |      28 |      26 |  48.1 |      19 |       6 |  24.0
        D:2 |      76 |       8 |   9.5 |      12 |       4 |  25.0
        D:3 |     182 |       0 |   0.0 |      35 |       0 |   0.0
        D:4 |     190 |      13 |   6.4 |      11 |       1 |   8.3
        D:5 |     688 |       0 |   0.0 |      23 |       0 |   0.0
        D:6 |     880 |     962 |  52.2 |      35 |       4 |  10.3
        D:7 |     501 |     939 |  65.2 |       6 |       1 |  14.3
        D:8 |    1909 |    1170 |  38.0 |      12 |      15 |  55.6
        D:9 |    1612 |     169 |   9.5 |      14 |       4 |  22.2
       D:10 |    2950 |     496 |  14.4 |      23 |       7 |  23.3
       D:11 |    4480 |    1422 |  24.1 |      41 |      57 |  58.2
       D:12 |    7362 |    2747 |  27.2 |      48 |       5 |   9.4
       D:13 |    4559 |    4877 |  51.7 |      24 |      21 |  46.7
       D:14 |    8419 |    9645 |  53.4 |      24 |      26 |  52.0
       D:15 |   12718 |    2041 |  13.8 |      30 |       2 |   6.2
     Lair:1 |    5690 |    1995 |  26.0 |      23 |       8 |  25.8
     Lair:2 |    6048 |    1312 |  17.8 |      18 |       4 |  18.2
     Lair:3 |    4798 |    9575 |  66.6 |      18 |      18 |  50.0
     Lair:4 |    8715 |       0 |   0.0 |      36 |       0 |   0.0
     Lair:5 |    5887 |    6321 |  51.8 |      26 |      13 |  33.3
     Lair:6 |    5981 |    8548 |  58.8 |      20 |      46 |  69.7
   Shoals:1 |    9807 |       0 |   0.0 |      20 |       0 |   0.0
   Shoals:2 |   11353 |       0 |   0.0 |      26 |       0 |   0.0
   Shoals:3 |   22509 |   13246 |  37.0 |      45 |       7 |  13.5
   Shoals:4 |    3666 |    9836 |  72.8 |       7 |      17 |  70.8
      Orc:1 |    4006 |       0 |   0.0 |      26 |       0 |   0.0
      Orc:2 |    2103 |    6569 |  75.7 |      27 |      35 |  56.5
            +---------+---------+-------+---------+---------+-------
